 Dungeon Crawl Stone Soup version 0.17-a0-1078-g243345b (webtiles) character file.

88447 Lugonue the Warrior (level 15, -1/152 HPs)
             Began as a Minotaur Wanderer on May 19, 2015.
             Was the Champion of Ru.
             Slain by a wolf spider (13 damage)
             ... on level 3 of the Spider Nest.
             The game lasted 01:11:54 (27223 turns).

Lugonue the Warrior (Minotaur Wanderer)            Turns: 27223, Time: 01:11:54

Health: -1/152     AC: 28    Str: 23    XL:     15   Next: 46%
Magic:  8/12       EV: 15    Int: 10    God:    Ru [******]
Gold:   2062       SH:  0    Dex: 15    Spells: 1 memorised, 13 levels left

rFire  . . .     SeeInvis .     i - +5 quarterstaff (freeze)
rCold  . . .     Clarity  +     D - +2 plate armour {rPois}
rNeg   . . .     SustAb   .     (no shield)
rPois  +         Gourm    .     (helmet restricted)
rElec  .         Spirit   .     v - +2 cloak {+Inv}
rCorr  .         Warding  .     E - +0 pair of gloves
rMut   .         Stasis   .     t - +1 pair of boots
MR     +....                    P - amulet of clarity
Stlth  ..........               q - +4 ring of strength
                                U - +3 ring of protection

@: exhausted, somewhat resistant to hostile enchantments, extremely unstealthy
A: retaliatory headbutt, horns 2, low mp 1, strong 1, no stealth, inability to
use devices, hated by all, no poison magic, no summoning magic, no
transmutations magic, inexperienced 1
a: Draw Out Power, Power Leap, Apocalypse, Renounce Religion


You were on level 3 of the Spider Nest.
You worshipped Ru.
Ru was exalted by your worship.
You were not hungry.

You visited 4 branches of the dungeon, and saw 26 of its levels.
You also visited: Ice Cave.

You collected 2580 gold pieces.
You spent 518 gold pieces at shops.

Inventory:

Hand weapons
 i - a +5 quarterstaff of freezing (weapon)
 k - a +0 blowgun
 B - a +1 great mace of protection
 F - a +1 quarterstaff of crushing
 O - a +2 great mace of crushing
Missiles
 f - 3 javelins of penetration (quivered)
 p - 93 poisoned needles
Armour
 c - a troll hide
 t - a +1 pair of boots (worn)
 v - a +2 cloak of invisibility (worn)
 D - a +2 plate armour of poison resistance (worn)
 E - a +0 pair of gloves (worn)
 J - the +7 ring mail of the Maze {+Blink rC+ Slay+3}
   (You found it on level 8 of the Dungeon)

   It affects your accuracy and damage with ranged weapons and melee attacks
   (+3).
   It protects you from cold.
   It lets you blink.
Magical staves
 n - an uncursed staff of power
Jewellery
 o - an uncursed amulet of resist corrosion
 q - a +4 ring of strength (right hand)
 C - an uncursed ring of positive energy
 L - a +2 ring of strength
 P - an amulet of clarity (around neck)
 U - a +3 ring of protection (left hand)
Scrolls
 u - a scroll of blinking
 w - 6 scrolls of remove curse
 y - 8 scrolls of teleportation
 z - 3 scrolls of fear
 H - 4 scrolls of identify
 K - a scroll of amnesia
 N - 2 scrolls of magic mapping
 R - 3 scrolls of immolation
 S - 2 scrolls of enchant armour
Potions
 a - 2 potions of might
 d - a potion of cure mutation
 e - 7 potions of flight
 g - 4 potions of agility
 h - 2 potions of resistance
 j - 5 potions of lignification
 l - 8 potions of curing
 r - 2 potions of magic
 s - 2 potions of cancellation
 A - 2 potions of haste
 G - a potion of brilliance
 W - a potion of invisibility
Comestibles
 m - 11 meat rations
 x - 9 bread rations


   Skills:
 * Level 19.4 Fighting
 - Level 12.6(14.8) Maces & Flails
 - Level 13.2(15.1) Staves
   Level 1.1 Bows
 + Level 13.1 Armour
 + Level 14.8 Dodging
   Level 1.2 Shields
 - Level 1.3 Translocations
   Level 1.0 Ice Magic


You had 13 spell levels left.
You knew the following spells:

 Your Spells              Type           Power        Failure   Level  Hunger
a - Apportation           Tloc           #.........   99%         1    ##.....


Dungeon Overview and Level Annotations

Branches:
Dungeon (10/15)            Temple (0/1) D:7            Lair (8/8) D:9
 Shoals (0/4) Lair:6       Spider (4/4) Lair:3        Slime (0/6) Lair:8
    Orc (4/4) D:9             Elf (0/3) Orc:4

Altars:
Ashenzari
Dithmenos
Elyvilon
Gozag
Qazlal
Ru
Sif Muna
Trog
Vehumet
Xom
Yredelemnul
Zin
Beogh

Shops:
D:10 [   Orc:1 :   Orc:4 [:[(

Annotations:
D:4 Fluffy's ghost, experienced HOFi


Innate Abilities, Weirdness & Mutations

You reflexively headbutt those who attack you in melee.
You have a pair of horns on your head.
Your magical capacity is low (-10% MP).
You cannot be stealthy.
You cannot study or use magical devices.
You are hated by all.
You cannot study or cast Poison magic.
You cannot study or cast Summoning magic.
You cannot study or cast Transmutations magic.
You are somewhat inexperienced (-2 XL).
Your muscles are strong. (Str +2)


Message History

* * * LOW HITPOINT WARNING * * *
The wolf spider misses you.
Drink which item? (? for menu, Esc to quit)
Okay, then.
Use which ability? (? or * to list)
Aiming: Power Leap
Press: ? - help, Dir - move target cursor
There is a stone staircase leading up here.
The wolf spider hits you but does no damage.
The wolf spider bites you but does no damage.
You climb upwards.
There is a stone staircase leading down, spattered with blood here.
You thump the wolf spider! You freeze the wolf spider.
The wolf spider is moderately wounded.
The wolf spider barely misses you. The wolf spider closely misses you.
You sock the wolf spider! You freeze the wolf spider!
You headbutt the wolf spider, but do no damage.
The wolf spider is severely wounded.
The wolf spider hits you!
You die...

..#........###.............#
#### ####.......#
#......##....####... #
#.......###.#....###..........
####........#.#^##..#
#..........
..#.......^..###.##.#
#...#####^# ............##
#.#######.## ##.#
............#
##........#####.^.
####.......##
##^#.....^......#. )#
##.....## #@#.........###.#.
.# ##.#..# ###s..........##...
.#
#...######.#^..........#....
##
##..........^..........#.... #
########.............##.... ##
### ##............#.....
.#####.# #.........####.....
...#...###### ###..#^####
#.#.... ........#...##
##.....####.###..


You could see a wolf spider.

Vanquished Creatures
  Rupert (Lair:7)
  Kirke (Lair:5)
  Aizul (Spider:1)
  Louise (Spider:1)
  3 ghost moths (Spider:3)
  An emperor scorpion (Spider:4)
  Nessos (Lair:5)
  The ghost of Zgarb the Impaler, a powerful MiBe of Trog (Lair:6)
  An ettin (Orc:4)
  8 hydras
  An entropy weaver (Spider:2)
  A catoblepas (Lair:8)
  Erica (D:9)
  A deep troll shaman (Lair:8)
  3 death yaks (Lair:8)
  An orc high priest (Orc:4)
  Urug (D:10)
  3 orc knights (Orc:3)
  3 ice statues (IceCv)
  2 griffons
  23 wolf spiders
  6 hornets
  10 orb spiders
  4 orc sorcerers
  3 moths of wrath
  2 sirens (Lair:6)
  11 elephants
  A centaur zombie (D:10)
  7 black mambas
  19 spiny frogs
  3 torpor snails
  8 komodo dragons
  5 demonic crawlers
  2 fire drakes
  A two-headed ogre (Orc:4)
  2 merfolk (Lair:6)
  A polar bear (Lair:8)
  Grinder (D:6)
  Prince Ribbit (D:6)
  12 jumping spiders
  5 blink frogs (Lair:7)
  2 slime creatures (Lair:8)
  4 trolls
  2 wyverns
  11 trapdoor spiders
  65 yaks
  10 tarantellas
  31 redbacks
  The ghost of Viceroy the Shield-Bearer, an average MiFi of Makhleb (D:3)
  2 hungry ghosts
  5 humans (Lair:5)
  A steam dragon (Lair:5)
  15 hippogriffs
  2 basilisks
  10 wolves (Lair:8)
  16 water moccasins
  Edmund (D:6)
  8 wargs
  9 porcupines
  A black bear (Lair:8)
  A wasp (Spider:3)
  15 spiders
  A phantom (D:6)
  2 sky beasts
  13 ice beasts
  36 orc warriors
  11 centaurs
  14 crocodiles
  22 giant frogs
  10 ogres
  2 necrophages
  A brain worm (Lair:5)
  A big kobold (D:9)
  A gnoll sergeant (D:9)
  5 scorpions
  A water moccasin skeleton (D:5)
  3 crimson imps (D:8)
  A quasit (D:7)
  2 giant frog zombies
  4 jellies
  5 hounds
  Crazy Yiuf (D:3)
  2 centaur skeletons
  16 orc priests
  2 giant frog skeletons
  5 iguanas
  17 worker ants
  2 hell rats (D:9)
  24 orc wizards
  58 sheep
  A hound zombie (D:10)
  A mummy (D:5)
  Robin (D:2)
  7 gnolls
  14 adders
  4 shadow imps
  43 river rats
  2 oozes
  3 worms
  An adder skeleton (D:4)
  10 giant geckos
  123 orcs
  14 bats
  A bat skeleton (D:4)
  A giant cockroach (D:3)
  17 goblins
  25 hobgoblins
  3 jackals (D:1)
  20 kobolds
  5 quokkas
  5 ball pythons
  4 hobgoblin zombies (D:5)
  A jackal zombie (D:5)
  A quokka skeleton (D:5)
  20 rats
  4 fungi
  5 plants (Lair:8)
973 creatures vanquished.

Vanquished Creatures (others)
  An orc knight (Orc:3)
  A wolf spider (Spider:1)
  A komodo dragon (Lair:2)
  A spiny frog (Lair:8)
  A redback (Spider:3)
  A phantom (D:7)
  An ice beast (D:10)
  3 orc warriors
  A spider (Spider:1)
  An ogre (Orc:3)
  A giant frog (Lair:2)
  An ooze (D:4)
  4 orcs
  A goblin (Orc:4)
  2 fungi
  3 plants
24 creatures vanquished.

Grand Total: 997 creatures vanquished

Notes
Turn   | Place    | Note
--------------------------------------------------------------
     0 | D:1      | Lugonue the Minotaur Wanderer began the quest for the Orb.
     0 | D:1      | Lugonue set off with: a +0 shield, a +0 mace, Sif Muna's Compendium of the Traveller, a +0 robe, a bread ration
     0 | D:1      | Reached XP level 1. HP: 22/22 MP: 0/0
     0 | D:1      | Identified Sif Muna's Compendium of the Traveller
    32 | D:1      | Reached skill level 1 in Maces & Flails
   123 | D:1      | Reached XP level 2. HP: 26/28 MP: 1/1
   518 | D:1      | Reached XP level 3. HP: 17/35 MP: 2/2
   831 | D:2      | Reached skill level 1 in Dodging
  1032 | D:2      | Learned a level 1 spell: Apportation
  1135 | D:2      | Noticed Robin
  1156 | D:2      | Killed Robin
  1156 | D:2      | Reached XP level 4. HP: 30/41 MP: 3/3
  1349 | D:2      | Found a sacrificial altar of Ru.
  1360 | D:2      | Became a worshipper of Ru the Awakened
  1706 | D:3      | Noticed Viceroy's ghost (average MiFi)
  1975 | D:3      | Noticed Crazy Yiuf
  1982 | D:3      | Killed Crazy Yiuf
  1982 | D:3      | Reached skill level 5 in Maces & Flails
  1982 | D:3      | Reached XP level 5. HP: 43/47 MP: 4/4
  2153 | D:2      | Reached skill level 1 in Armour
  2225 | D:3      | HP: 2/47 [Viceroy's ghost (10)]
  2532 | D:3      | Killed Viceroy's ghost
  2532 | D:3      | Reached skill level 6 in Maces & Flails
  2532 | D:3      | Reached XP level 6. HP: 43/55 MP: 5/5
  2813 | D:4      | Gained mutation: You cannot study or use magical devices. [Ru sacrifice]
  2813 | D:4      | Acquired Ru's first power
  2813 | D:4      | Acquired Ru's second power
  2813 | D:4      | Acquired Ru's third power
  2830 | D:4      | Reached XP level 7. HP: 55/60 MP: 6/6
  2836 | D:4      | Reached skill level 1 in Staves
  2930 | D:4      | Gained mutation: Your muscles are strong. (Str +2) [potion of beneficial mutation]
  3035 | D:4      | Reached skill level 7 in Maces & Flails
  3119 | D:4      | Noticed Sigmund
  3124 | D:4      | Noticed Sigmund
  3124 | D:4      | Sigmund changed into Sigmund the ooze
  3126 | D:4      | Banished Sigmund the ooze
  3160 | D:4      | Reached skill level 5 in Armour
  3789 | D:4      | Noticed Fluffy's ghost (experienced HOFi)
  4185 | D:5      | Entered Level 5 of the Dungeon
  4630 | D:5      | Reached XP level 8. HP: 63/67 MP: 7/7
  4821 | D:5      | Gained mutation: You are hated by all. [Ru sacrifice]
  5190 | D:6      | Noticed Prince Ribbit
  5207 | D:6      | Killed Prince Ribbit
  5207 | D:6      | Reached skill level 8 in Maces & Flails
  5207 | D:6      | Reached skill level 5 in Staves
  5328 | D:6      | Noticed Grinder
  5339 | D:6      | Paralysed by something for 4 turns
  5360 | D:6      | Paralysed by something for 6 turns
  5391 | D:6      | Killed Grinder
  5723 | D:6      | Found a shattered altar of Ashenzari.
  5826 | D:6      | Noticed Edmund
  5839 | D:6      | Killed Edmund
  5839 | D:6      | Reached XP level 9. HP: 66/73 MP: 8/8
  6518 | D:7      | Found a basalt altar of Yredelemnul.
  6521 | D:7      | Found a shadowy altar of Dithmenos.
  6524 | D:7      | Found a radiant altar of Vehumet.
  6556 | D:7      | Reached skill level 9 in Armour
  6641 | D:7      | Found a deep blue altar of Sif Muna.
  6739 | D:7      | Found a staircase to the Ecumenical Temple.
  6841 | D:7      | Found a stormy altar of Qazlal.
  6933 | D:7      | Found a glowing silver altar of Zin.
  7061 | D:7      | Found a bloodstained altar of Trog.
  7098 | D:7      | Gained mutation: You cannot study or cast Poison magic. [Ru sacrifice]
  7098 | D:7      | Gained mutation: You cannot study or cast Transmutations magic. [Ru sacrifice]
  7098 | D:7      | Gained mutation: You cannot study or cast Summoning magic. [Ru sacrifice]
  7098 | D:7      | Acquired Ru's fourth power
  7098 | D:7      | Acquired Ru's fifth power
  7295 | D:8      | Reached skill level 10 in Armour
  7331 | D:8      | Found a shattered altar of Ashenzari.
  7338 | D:8      | Got a scorched ring mail
  7349 | D:8      | Identified the +7 ring mail of the Maze {+Blink rC+ Slay+3} (You found it on level 8 of the Dungeon)
  7409 | D:8      | Found a shimmering altar of Xom.
  7548 | D:8      | Found an opulent altar of Gozag.
  7806 | D:8      | Found a bloodstained altar of Trog.
  7807 | D:8      | Found a white marble altar of Elyvilon.
  7926 | D:9      | Noticed Erica
  7931 | D:9      | Reached skill level 10 in Maces & Flails
  7932 | D:9      | Noticed a spiny frog
  7947 | D:9      | Killed a spiny frog
  7947 | D:9      | Reached XP level 10. HP: 47/80 MP: 9/9
  7952 | D:9      | Killed Erica
  7956 | D:9      | Reached skill level 5 in Dodging
  7967 | D:9      | Reached skill level 11 in Maces & Flails
  8138 | D:9      | Found a staircase to the Lair.
  8331 | D:9      | Found a staircase to the Orcish Mines.
  8820 | D:10     | Entered Level 10 of the Dungeon
  9033 | D:10     | Reached XP level 11. HP: 81/85 MP: 10/10
  9089 | D:10     | Found a glowing silver altar of Zin.
  9209 | D:10     | Found Dilloaxt's Armour Shoppe.
  9307 | D:10     | Noticed Urug
  9330 | D:10     | Killed Urug
  9330 | D:10     | Reached skill level 5 in Fighting
  9950 | Lair:1   | Entered Level 1 of the Lair of Beasts
 10117 | Lair:1   | Reached skill level 10 in Dodging
 10368 | Lair:1   | Reached skill level 10 in Staves
 10705 | Lair:1   | Reached skill level 12 in Maces & Flails
 10718 | Lair:1   | Noticed a six-headed hydra
 10731 | Lair:1   | Killed a six-headed hydra
 11577 | Lair:1   | Reached XP level 12. HP: 70/97 MP: 11/11
 11948 | Lair:2   | Gained mutation: You cannot be stealthy. [Ru sacrifice]
 12486 | Lair:2   | Gained mutation: Your muscles are very strong. (Str +4) [potion of mutation]
 12486 | Lair:2   | Lost mutation: Your muscles are very strong. (Str +4) [potion of mutation]
 13197 | Lair:3   | Found a frozen archway.
 13206 | IceCv    | Entered an ice cave
 13724 | Lair:3   | Found a hole to the Spider Nest.
 13847 | Lair:3   | Reached skill level 13 in Staves
 14040 | Lair:3   | Gained mutation: Your magical capacity is low (-10% MP). [Ru sacrifice]
 15629 | Lair:5   | Noticed Nessos
 15649 | Lair:5   | Killed Nessos
 15649 | Lair:5   | Reached skill level 10 in Fighting
 15649 | Lair:5   | Reached XP level 13. HP: 113/113 MP: 10/10
 15724 | Lair:5   | Noticed Kirke
 15739 | Lair:5   | Killed Kirke
 15786 | Lair:5   | Gained mutation: You are somewhat inexperienced (-2 XL). [Ru sacrifice]
 15786 | Lair:5   | Reached XP level 12. HP: 92/108 MP: 9/9
 15786 | Lair:5   | Reached XP level 11. HP: 92/101 MP: 8/8
 16369 | Lair:6   | Noticed an eight-headed hydra
 16376 | Lair:6   | Killed an eight-headed hydra
 16404 | Lair:6   | Found a staircase to the Shoals.
 16612 | Lair:6   | Noticed Zgarb's ghost (powerful MiBe)
 16711 | Lair:6   | Killed Zgarb's ghost
 17205 | Lair:6   | Reached XP level 12. HP: 108/112 MP: 9/9
 17902 | Lair:7   | Noticed Rupert
 17926 | Lair:7   | Killed Rupert
 18767 | Lair:8   | Entered Level 8 of the Lair of Beasts
 18805 | Lair:8   | Noticed a seven-headed hydra
 18808 | Lair:8   | Noticed a five-headed hydra
 18809 | Lair:8   | Noticed an eight-headed hydra
 18815 | Lair:8   | Killed a seven-headed hydra
 18815 | Lair:8   | Reached skill level 14 in Fighting
 18819 | Lair:8   | Killed a five-headed hydra
 18819 | Lair:8   | Reached XP level 13. HP: 92/124 MP: 10/10
 18831 | Lair:8   | Killed an eight-headed hydra
 19218 | Lair:8   | Noticed a catoblepas
 19230 | Lair:8   | Killed a catoblepas
 19680 | Lair:8   | Found a staircase to the Slime Pits.
 19721 | Lair:8   | Reached skill level 15 in Fighting
 19959 | Lair:8   | Noticed a four-headed hydra
 19966 | Lair:8   | Killed a four-headed hydra
 20087 | Lair:8   | Noticed a four-headed hydra
 20103 | Lair:8   | Killed a four-headed hydra
 20531 | Orc:1    | Entered Level 1 of the Orcish Mines
 20757 | Orc:1    | Found Basotwuu's Book Emporium.
 21110 | Orc:3    | Reached skill level 16 in Fighting
 21533 | Orc:3    | Reached XP level 14. HP: 134/137 MP: 11/11
 21809 | Orc:4    | Entered Level 4 of the Orcish Mines
 22136 | Orc:4    | Found a staircase to the Elven Halls.
 22621 | Orc:4    | Found a roughly hewn altar of Beogh.
 22778 | Orc:4    | Found Boarav's Armour Emporium.
 22778 | Orc:4    | Found Pofoonyu's Book Boutique.
 22792 | Orc:4    | Found Ucviqiz's Armour Shop.
 22795 | Orc:4    | Found Itoz's Antique Weapon Shoppe.
 23218 | Orc:4    | Bought a +2 plate armour of poison resistance for 518 gold pieces
 23459 | Spider:1 | Entered Level 1 of the Spider Nest
 23477 | Spider:1 | Noticed Aizul
 23501 | Spider:1 | Killed Aizul
 23923 | Spider:1 | Noticed Louise
 23962 | Spider:1 | Killed Louise
 23962 | Spider:1 | Reached skill level 17 in Fighting
 25307 | Spider:3 | Killed a ghost moth
 25326 | Spider:3 | Reached skill level 18 in Fighting
 25508 | Spider:3 | Killed a ghost moth
 25822 | Spider:3 | Reached XP level 15. HP: 134/150 MP: 12/12
 26277 | Spider:4 | Entered Level 4 of the Spider Nest
 26451 | Spider:4 | Reached skill level 19 in Fighting
 27223 | Spider:3 | Slain by a wolf spider

Vault maps used:
D:1:      scummos_arrival_simple_fountains
D:2:      lemuel_tele_altar, uniq_robin
D:3:      uniq_crazy_yiuf_cottage
D:4:      first_bread, uniq_sigmund
D:5:      minmay_misc_feat_four_crosses, minmay_mini_ossuary
D:6:      lemuel_crystal_altar, uniq_grinder, uniq_edmund, uniq_prince_ribbit1
D:7:      lemuel_round_altar, grunt_temple_overflow_cloverleaf, led_sif_pool,
          temple_doors_e, trog_butcher_becter
D:8:      grunt_gozag_statues, lemuel_round_altar,
          gammafunk_temple_overflow_wave, basic_altar, amalloy_card_club
D:9:      dpeg_lair_monsters, erik_orc_4, uniq_erica
D:10:     serial_shops, nicolae_shop_waterfront, basic_altar, uniq_urug
Lair:1:   st_stairs_11, guppyfry_lair_drakes
Lair:2:   patterned_corridor
Lair:3:   spider_nest_entry_webs, portal_ice_cave_entry_pillars_01
Lair:5:   serial_forest, infiniplex_forest_lined_room_3,
          infiniplex_forest_straight_4, infiniplex_forest_lined_corner,
          infiniplex_forest_join, infiniplex_forest_clump_C,
          infiniplex_forest_straight_1, infiniplex_forest_fountain,
          infiniplex_forest_straight_3, infiniplex_forest_corner_1,
          infiniplex_forest_clump_double, serial_bayou_pond_c, uniq_nessos,
          uniq_kirke
Lair:6:   elwin_shoals_entry_stream
Lair:7:   uniq_rupert
Lair:8:   grunt_lair_end_beastmaster, minmay_slime_entry_pillars, st_stairs_4
Spider:1: nicolae_spider_webs_and_nodes, uniq_aizul, uniq_louise
Spider:4: grunt_spider_rune_island, uniq_arachne
Orc:1:    serial_shops, shop_statue
Orc:3:    nicolae_orc_pool_cavern, mines2_lemuel
Orc:4:    st_orc_rangers, basic_altar, special_room
IceCv:    ice_cave_statue_garden_02

Action                   |  1- 3 |  4- 6 |  7- 9 | 10-12 | 13-15 || total
-------------------------+-------+-------+-------+-------+-------++-------
Melee: Mace              |    79 |    95 |       |       |       ||   174
       Quarterstaff      |       |    43 |   356 |  1051 |  1106 ||  2556
       Flail             |       |       |    24 |       |       ||    24
       Unarmed           |       |       |     5 |       |       ||     5
Throw: Javelin           |       |       |     9 |     2 |       ||    11
Invok: Sacrifice Artific |       |     1 |       |       |       ||     1
       Sacrifice Love    |       |       |     1 |       |       ||     1
       Sacrifice Arcana  |       |       |     1 |       |       ||     1
       Reject Sacrifices |       |       |       |     1 |       ||     1
       Sacrifice Experie |       |       |       |     1 |       ||     1
       Power Leap        |       |       |       |     2 |     1 ||     3
       Sacrifice Essence |       |       |       |     1 |       ||     1
       Sacrifice Stealth |       |       |       |     1 |       ||     1
       Apocalypse        |       |       |       |       |     6 ||     6
       Draw Out Power    |       |       |       |       |     1 ||     1
  Use: Scroll            |       |       |    18 |    14 |     9 ||    41
       Potion            |       |       |     2 |     7 |     2 ||    11
 Stab: Paralysed         |       |     1 |     4 |    10 |     9 ||    24
       Invisible         |       |       |       |     9 |    21 ||    30
       Distracted        |       |       |       |     3 |     2 ||     5
  Eat: Chunk             |     1 |     1 |     2 |    14 |    11 ||    29
       Bread ration      |       |     1 |     1 |     1 |       ||     3
       Fruit             |       |       |     8 |     3 |     3 ||    14
       Beef jerky        |       |       |     1 |     1 |     1 ||     3
       Pizza             |       |       |     1 |     1 |     2 ||     4
       Meat ration       |       |       |       |     2 |     2 ||     4
       Royal jelly       |       |       |       |     1 |     2 ||     3
